 Dungeon Crawl Stone Soup version 0.26-a0-537-g96b2eae49b (webtiles) character file.

Game seed: 8180425439788540696

6656 MrRokkomies the Fighter (level 10, -9/93 HPs)
             Began as a Demigod Wanderer on Aug 14, 2020.
             Mangled by Snorg (11 damage)
             ... on level 10 of the Dungeon.
             The game lasted 00:18:13 (9430 turns).

MrRokkomies the Fighter (Demigod Wanderer)          Turns: 9430, Time: 00:18:14

Health: -9/93      AC: 20    Str: 18    XL:     10   Next: 45%
Magic:  13/13      EV:  7    Int: 20    God:
Gold:   485        SH:  0    Dex: 14    Spells: 9/9 levels left

rFire    . . .     SeeInvis .   a - +2 shortbow
rCold    + . .     Faith    .   (shield currently unavailable)
rNeg     . . .     Spirit   .   l - +3 chain mail {rC+}
rPois    .         Reflect  .   (no helmet)
rElec    .         Harm     .   g - +0 cloak
rCorr    .                      (no gloves)
MR       +....                  z - +0 pair of boots (curse)
Stlth    ..........             (no amulet)
HPRegen  0.25/turn              k - +4 ring of protection
MPRegen  0.13/turn              y - +4 ring of slaying

@: very slightly contaminated
A: high mp 1
a: no special abilities


You were on level 10 of the Dungeon.
You visited 1 branch of the dungeon, and saw 10 of its levels.

You collected 485 gold pieces.

Inventory:

Hand Weapons
 a - a +2 shortbow (weapon)
 b - a +2 flail of protection
Missiles
 f - 4 curare-tipped darts
 i - 138 arrows (quivered)
Armour
 c - a +0 pair of boots
 e - a +0 robe
 g - a +0 cloak (worn)
 l - a +3 chain mail of cold resistance (worn)
 z - a cursed +0 pair of boots (worn)
Magical Staves
 H - an uncursed staff of poison
Jewellery
 k - a +4 ring of protection (left hand)
 y - a +4 ring of slaying (right hand)
Wands
 o - a wand of acid (7)
 p - a wand of random effects (23)
 r - a wand of digging (3)
 v - a wand of iceblast (13)
 A - a wand of disintegration (7)
 D - a wand of paralysis (13)
 G - a wand of flame (14)
Scrolls
 h - 4 scrolls of remove curse
 t - 9 scrolls of identify
 u - a scroll of magic mapping
 C - 2 scrolls of fear
 E - a scroll of amnesia {unknown}
Potions
 d - 3 potions of lignification
 j - 3 potions of stabbing
 m - a potion of cancellation {unknown}
 n - a potion of curing
 s - a potion of degeneration {unknown}
 w - a potion of resistance {unknown}
 x - a potion of haste {unknown}
 B - 2 potions of mutation {unknown}
 F - a potion of flight {unknown}
 I - a potion of invisibility {unknown}


   Skills:
 * Level 10.0 Fighting
 * Level 9.9 Bows
 + Level 7.0 Armour
 - Level 1.7 Evocations


You had 9 spell levels left.
You didn't know any spells.
Your spell library contained the following spells:

 Spells                   Type           Power        Failure   Level
 Animate Skeleton         Necr           #.....       89%         1
 Apportation              Tloc           #.....       89%         1
 Corona                   Hex            #......      89%         1
 Magic Dart               Conj           #...         89%         1
 Summon Small Mammal      Summ           #...         89%         1
 Blink                    Tloc           N/A          96%         2
 Call Imp                 Summ           #.......     96%         2
 Slow                     Hex            #.......     96%         2
 Conjure Flame            Conj/Fire      #.......     99%         3
 Mephitic Cloud           Conj/Pois/Air  #.......     99%         3


Dungeon Overview and Level Annotations

Branches:
Dungeon (10/15)            Temple (0/1) D:6            Lair (0/6) D:9
    Orc: D:9-12

Annotations:
D:4 3 runed translucent doors, terminal's ghost, amateur NaMo
D:10 Snorg


Innate Abilities, Weirdness & Mutations

You have an increased reservoir of magic. (+10% MP)


Message History

Aim: Snorg (severely wounded, berserk)
You shoot an arrow. The arrow hits Snorg.
Snorg is severely wounded.
Snorg bites you but does no damage. Snorg claws you!
* * * LOW HITPOINT WARNING * * *
Snorg barely misses you.
Okay, then.
Unknown command.
Evoke which item? (* to show all) (? for menu, Esc to quit)
Aiming: Corrosive Bolt
Press: ? - help, Shift-Dir - straight line, f/p - Snorg
Aim: Snorg (severely wounded, berserk)
The bolt of acid hits Snorg!
Snorg is splashed with acid.
Snorg is almost dead.
Snorg bites you!
* * * LOW HITPOINT WARNING * * *
Snorg claws you but does no damage. Snorg claws you!
* * * LOW HITPOINT WARNING * * *
Snorg completely misses you. Snorg claws you!
You die...

####.##...#
#.#....#
.####(##...#
.....(.....#
#######(#.#.##.#
#......(.......#
.#####(########
#T# #@#
......(.#
#.####..# #..#
...# #####


You could see Snorg (berserk).

Vanquished Creatures
  A two-headed ogre (D:10)
  Pikel (D:8)
  An ugly thing (D:7)
  Psyche (D:8)
  Grinder (D:3)
  2 hippogriffs
  3 yaks (D:7)
  A hog (D:7)
  A human (D:7)
  Menkaure (D:7)
  Edmund (D:4)
  2 orc warriors
  An ice beast (D:7)
  3 black bears
  2 phantoms
  3 ogres
  2 centaurs
  A crocodile (D:7)
  4 lemures (D:8)
  A gnoll sergeant (D:9)
  A big kobold (D:7)
  6 bullfrogs
  2 scorpions
  4 killer bees (D:9)
  4 howler monkeys
  4 wights (D:7)
  A bullfrog zombie (D:9)
  3 jellies
  A hound (D:7)
  A bullfrog skeleton (D:7)
  A centaur skeleton (D:6)
  5 orc priests
  Terence (D:3)
  5 orc wizards
  3 iguanas
  5 worker ants
  A hound skeleton (D:5)
  Robin (D:4)
  9 gnolls
  7 adders
  A shadow imp (D:5)
  4 white imps
  An ufetubus (D:7)
  2 oozes
  2 worms
  3 dart slugs
  3 leopard geckos
  32 orcs
  6 bats
  4 giant cockroaches
  13 goblins
  8 hobgoblins
  13 jackals
  9 kobolds
  3 quokkas
  4 frilled lizards
  A giant cockroach zombie (D:5)
  3 quokka skeletons
  7 rats
217 creatures vanquished.

Notes
Turn   | Place    | Note
-------+----------+-------------------------------------------
     0 | D:1      | MrRokkomies the Demigod Wanderer began the quest for the
                  | Orb.
     0 | D:1      | MrRokkomies set off with the following items: a +2
                  | shortbow, 21 arrows, a +0 mace, a potion of lignification,
                  | a +0 robe
     0 | D:1      | Reached XP level 1. HP: 18/18 MP: 3/3
   218 | D:1      | You fall into a shaft and drop 1 floor!
   307 | D:2      | Reached XP level 2. HP: 25/25 MP: 4/4
   329 | D:2      | Reached skill level 3 in Fighting
   418 | D:2      | Found an opulent altar of Gozag.
   710 | D:2      | Reached XP level 3. HP: 30/31 MP: 5/5
  1432 | D:2      | Reached XP level 4. HP: 31/39 MP: 6/6
  1696 | D:3      | Noticed Terence
  1699 | D:3      | Noticed Grinder
  1726 | D:3      | Killed Terence
  1727 | D:3      | Paralysed by Grinder for 7 turns
  1787 | D:4      | Noticed Robin
  1795 | D:4      | Killed Robin
  1800 | D:4      | Reached skill level 4 in Fighting
  1850 | D:4      | Reached XP level 5. HP: 44/46 MP: 7/7
  2010 | D:4      | Noticed Edmund
  2035 | D:4      | Killed Edmund
  2222 | D:4      | Reached XP level 6. HP: 51/53 MP: 8/8
  2513 | D:4      | Noticed an air elemental
  2515 | D:4      | Found a stormy altar of Qazlal.
  2516 | D:4      | Noticed a fire elemental
  2516 | D:4      | Noticed a water elemental
  2723 | D:4      | Found a runed translucent gate.
  2723 | D:4      | Found a runed translucent gate.
  2723 | D:4      | Found a runed translucent gate.
  2723 | D:4      | Noticed terminal's ghost (amateur NaMo)
  2724 | D:4      | Found a roughly hewn altar of Beogh.
  2724 | D:4      | Identified the +7 hand axe of Mobiari {vamp, Str+5 Int+5}
  2724 | D:4      | Identified the +0 chain mail "Saoxit Juho" {Str+7 Slay+3}
  2753 | D:5      | Entered Level 5 of the Dungeon
  2762 | D:5      | Found a shattered altar of Ashenzari.
  3079 | D:5      | Reached skill level 5 in Bows
  3096 | D:5      | Reached skill level 5 in Fighting
  3735 | D:5      | Found a glowing golden altar of the Shining One.
  4045 | D:3      | Reached XP level 7. HP: 61/61 MP: 9/9
  4074 | D:3      | Paralysed by Grinder for 3 turns
  4085 | D:3      | Killed Grinder
  4760 | D:6      | Reached skill level 6 in Fighting
  4999 | D:6      | Reached XP level 8. HP: 70/70 MP: 10/10
  5151 | D:6      | Found a staircase to the Ecumenical Temple.
  5529 | D:7      | Reached skill level 7 in Fighting
  5531 | D:7      | Noticed Menkaure
  5547 | D:7      | Killed Menkaure
  5547 | D:7      | Reached skill level 5 in Armour
  5727 | D:7      | Noticed a purple ugly thing
  5760 | D:7      | Killed a purple ugly thing
  5760 | D:7      | Reached XP level 9. HP: 47/80 MP: 11/11
  6154 | D:7      | Reached skill level 8 in Fighting
  7694 | D:8      | Reached skill level 9 in Fighting
  7719 | D:8      | Noticed Psyche
  7732 | D:8      | Killed Psyche
  7972 | D:8      | Noticed Pikel
  7980 | D:8      | Killed Pikel
  7980 | D:8      | Reached XP level 10. HP: 91/91 MP: 13/13
  8762 | D:9      | Found a staircase to the Lair.
  8984 | D:10     | Entered Level 10 of the Dungeon
  9214 | D:10     | Noticed a two-headed ogre
  9221 | D:10     | Killed a two-headed ogre
  9221 | D:10     | Reached skill level 10 in Fighting
  9410 | D:10     | Noticed Snorg
  9430 | D:10     | HP: 2/93 [Snorg (9)]
  9430 | D:10     | Mangled by Snorg

Illustrated notes

Levels and vault maps discovered:
D:1:      giann_wishing_wells, layout_basic, skrybe_limestone_x
D:2:      layout_basic, grunt_gozag_breadcrumbs
D:3:      layout_loops_cross, uniq_grinder, uniq_terence
D:4:      layout_basic, biasface_ghost_orc_armoury, hex_tiny,
          nicolae_qazlal_style_of_elements, uniq_edmund, uniq_robin
D:5:      layout_cave_pods, nicolae_tso_swordbearing_angel,
          evilmike_ruin_ashenzari
D:6:      layout_loops_ring, minmay_temple_entry_from_below_a
D:7:      layout_basic, grunt_livestock, minmay_strange_pillars,
          nrook_pool_corridor, grunt_decor_cap, uniq_menkaure
D:8:      layout_loops_cross, uniq_pikel, uniq_psyche
D:9:      layout_rooms, lair_entry_dummy,
          hangedman_abyss_or_decor_jellyfish_corner
D:10:     layout_basic, basic_altar, solitary_fountain, uniq_snorg

Skill      XL: |  1  2  3  4  5  6  7  8  9 10 |
---------------+-------------------------------+-----
Armour         | 2 3 4 5 6 7 |  7.0
Bows           | 3 4 5 6 7 9 |  9.9
Fighting       | 3 4 5 6 7 9 10 | 10.0
Evocations     | |  1.7

Action                   |  1- 3 |  4- 6 |  7- 9 | 10-12 || total
-------------------------+-------+-------+-------+-------++-------
Melee: Mace              |    64 |    63 |       |       ||   127
       Flail             |       |   166 |   298 |   116 ||   580
 Fire: Shortbow          |    21 |       |    87 |    31 ||   139
Throw: Dart              |     1 |     4 |     3 |     2 ||    10
Evoke: Wand              |       |       |     5 |     2 ||     7
  Use: Scroll            |     4 |       |     5 |     2 ||    11
       Potion            |       |       |     3 |       ||     3
 Stab: Sleeping          |     2 |       |       |       ||     2
       Paralysed         |       |       |     8 |       ||     8
Armor: Robe              |    26 |     5 |       |       ||    31
       Chain mail        |       |   227 |   325 |   191 ||   743
       Skin              |       |       |    11 |       ||    11
Dodge: Dodged            |    44 |   114 |   163 |   108 ||   429

Table legend: (Time is in decaauts)
 A = Elapsed time spent in this place.
 B = Non-inter-level travel time spent in this place.
 C = Inter-level travel time spent in this place.
 D = Time resting spent in this place.
 E = Time spent auto-exploring this place.
 F = Levels seen in this place.
 G = Mean time per level.
                   A        B        C        D        E       F      G
               +--------+--------+--------+--------+--------+-----+--------+
         Total |   9704 |   9404 |    300 |   1040 |   6482 |  10 |  970.4 |
       Dungeon |   9704 |   9404 |    300 |   1040 |   6482 |  10 |  970.4 |
               +--------+--------+--------+--------+--------+-----+--------+

Top non-repeatable levels by time:
     D:7: 1886 daAuts
     D:2: 1179 daAuts
     D:5: 1162 daAuts
     D:4: 1116 daAuts
     D:8: 1069 daAuts
     D:3: 1036 daAuts
     D:9: 1017 daAuts
     D:6: 718 daAuts
    D:10: 298 daAuts
     D:1: 219 daAuts
